 Dungeon Crawl Stone Soup version 0.25-a0-544-gee0576305d (webtiles) character file.

Game seed: 10901917827978093188, levelgen mode: deterministic

1 Gargoyl the Skirmisher (level 1, -1/19 HPs)
             Began as a Centaur Abyssal Knight on Feb 20, 2020.
             Was a Follower of Lugonu.
             Slain by a quasit (2 damage)
             ... on level 1 of the Abyss.
             The game lasted 00:00:53 (159 turns).

Gargoyl the Skirmisher (Centaur Abyssal Knight)      Turns: 159, Time: 00:00:54

Health: -1/19      AC:  4    Str: 14      XL:     1   Next: 16%
Magic:  2/2        EV:  9    Int: 11      God:    Lugonu [*.....]
Gold:   6          SH:  0    Dex:  6 (8)  Spells: 0/0 levels left

rFire    . . .     SeeInvis .   a - +1 hand axe
rCold    . . .     Gourm    .   (no shield)
rNeg     . . .     Faith    .   b - +0 leather armour
rPois    .         Spirit   .   (no helmet)
rElec    .         Reflect  .   (no cloak)
rCorr    .         Harm     .   (no gloves)
MR       .....                  (no barding)
Stlth    ..........             (no amulet)
HPRegen  0.06/turn              (no ring)
MPRegen  0.08/turn              (no ring)

@: very quick
A: large, hooves 3, deformed body, speed 2, tough skin 3
a: Depart the Abyss, Renounce Religion


You were on level 1 of the Abyss.
You worshipped Lugonu.
Lugonu was aware of your devotion.
You were not hungry.

You visited 0 branches of the dungeon, and saw 0 of its levels.
You visited the Abyss 1 time.

You collected 6 gold pieces.

Inventory:

Hand Weapons
 a - a +1 hand axe (weapon)
Armour
 b - a +0 leather armour (worn)
Comestibles
 c - a ration


   Skills:
 + Level 3.0 Fighting
 + Level 1.8 Axes
 + Level 1.3 Armour
 + Level 0.6 Dodging
 + Level 2.0 Invocations


You couldn't memorise any spells.
You didn't know any spells.
Your spell library was empty.

Dungeon Overview and Level Annotations

Branches:
Dungeon (0/15)

Altars:


Innate Abilities, Weirdness & Mutations

You have hooves in place of feet.
Armour fits poorly on your strangely shaped body.
You cover ground very quickly.
You have extremely tough skin. (AC +3)


Message History

* * * LOW HITPOINT WARNING * * *
The quasit barely misses you.
The quasit claws you but does no damage.
The quasit bites you but does no damage.
The quasit closely misses you.
The quasit claws you but does no damage.
You hit the quasit. Your kick misses the quasit.
The quasit is severely wounded.
You miss the quasit.
The quasit bites you but does no damage.
The quasit claws you.
* * * LOW HITPOINT WARNING * * *
The quasit claws you.
* * * LOW HITPOINT WARNING * * *
You feel clumsy. The quasit completely misses you.
The quasit barely misses you.
The quasit claws you but does no damage.
The quasit bites you but does no damage.
The quasit claws you.
You die...

# .#. .x#...# #
.# #...... . ..#
##
#...#.##.###...#
#.##...### .. ##
#..#.#5...#
#...##.##x.#.#
.........##.##
#...##5#.#.# .
##@## ##∩ #5# ##
..# ...# ###.#
#.# #.# .#.


You could see a small abomination, 2 quasits and a shadow imp.

Vanquished Creatures
  A bat (shapeshifter) (Abyss:1)
  A kobold (shapeshifter) (Abyss:1)
2 creatures vanquished.

Notes
Turn   | Place    | Note
-------+----------+-------------------------------------------
     0 | Abyss:1  | Gargoyl the Centaur Abyssal Knight began the quest for the
                  | Orb.
     0 | Abyss:1  | Reached XP level 1. HP: 19/19 MP: 2/2
    14 | Abyss:1  | Noticed a chaos spawn
    14 | Abyss:1  | Noticed a chaos spawn
    15 | Abyss:1  | Noticed a small abomination
    15 | Abyss:1  | Noticed a small abomination
    15 | Abyss:1  | Noticed a small abomination
    22 | Abyss:1  | Noticed a small abomination
    22 | Abyss:1  | Noticed a small abomination
    22 | Abyss:1  | Noticed a small abomination
    23 | Abyss:1  | Noticed a small abomination
    44 | Abyss:1  | Noticed a large abomination
    56 | Abyss:1  | Noticed a large abomination
    70 | Abyss:1  | Found a shimmering blue altar of Sif Muna.
    71 | Abyss:1  | Noticed a large abomination
    86 | Abyss:1  | Noticed a starcursed mass
    90 | Abyss:1  | Noticed a deep elf demonologist
   103 | Abyss:1  | Noticed a Hell Sentinel
   135 | Abyss:1  | Noticed a small abomination
   146 | Abyss:1  | Noticed a purple draconian
   150 | Abyss:1  | Noticed a quasit
   154 | Abyss:1  | Noticed a quasit
   159 | Abyss:1  | Slain by a quasit

Levels and vault maps discovered:
Abyss:1:  lemuel_flamethrower_2, lemuel_flamethrower_3

Action                   || total
-------------------------++-------
Melee: Hand axe          ||     5
       Kick              ||     1
  Use: Scroll            ||     1
Armor: Leather armour    ||    15
Dodge: Dodged            ||    12

Table legend:
 A = Non-vault XP
 B = Vault XP
 C = Vault XP percentage of total XP
 D = Non-vault monster count
 E = Vault monster count
 F = Vault count percentage of total count
                 A         B        C        D         E       F
            +---------+---------+-------+---------+---------+-------
      Total |       0 |       2 | 100.0 |       0 |       2 | 100.0
            +---------+---------+-------+---------+---------+-------
    Abyss:1 |       0 |       2 | 100.0 |       0 |       2 | 100.0
            +---------+---------+-------+---------+---------+-------
